Map: Paladino Terminal LE

Players

Dark - Winner!

  • Race: Zerg Zerg
  • League: Grandmaster
  • Spawn Location: 9:00

INnoVation

  • Race: Terran Terran
  • League: Grandmaster
  • Spawn Location: 5:00

Event: Polygon Gaming Invitational #10

VOD

https://www.youtube.com/watch?v=tXWSwu5BH2U&index=6&list=PL9QsjkBYtQM4FOph0oThEnvgqxfCQmaLv

Description

The first reaper rush went so well for INnoVation he decides to try it again on Paladino Terminal. Eventually he transitions to a drop-heavy two base all-in that deals an incredible amount of damage to Dark's worker line. This aggression gets INnoVation into a much better position, but now Dark has infestors to complement his ravagers. Will he be able to turn the tides with superior tech?

Time

  • Played on: March 30, 2017, 12:41 a.m.
  • Length: 13:08

All games in this series

Show
View Real Time Build Order
Export as new Build Order

Dark Zerg - Winner!

Build Orders: Pool First, Ravager All-In 

Get SALT Encoding   

  12  0:00  Drone  
  13  0:16  Overlord  
  13  0:19  Drone  
  14  0:34  Drone x2  
  16  0:38  Drone  
  17  0:49  Drone, Extractor  
  17  0:53  Spawning Pool  
  16  1:00  Drone  
  17  1:10  Drone  
  18  1:21  Drone  
  18  1:25  Hatchery  
  18  1:32  Drone  
  19  1:44  Zergling x2  
  19  1:45  Roach Warren  
  19  1:54  Queen  
  21  2:02  Drone  
  21  2:06  Overlord  
  22  2:17  Overlord  
  21  2:30  Roach  
  21  2:34  Queen  
  21  2:36  Roach  
  27  2:37  Extractor  
  27  2:42  Roach  
  28  2:53  Drone  
  28  2:57  Drone, Ravager x2  
  32  3:07  Drone  
  32  3:09  Drone  
  32  3:10  Roach x2  
  40  3:20  Roach  
  40  3:24  Overlord  
  40  3:29  Drone  
  41  3:34  Drone  
  41  3:35  Drone  
  43  3:46  Roach, Drone  
  43  3:47  Drone  
  47  3:49  Ravager  
  47  3:54  Drone x2  
  50  3:58  Ravager  
  50  4:01  Overlord  
  51  4:09  Overlord  
  51  4:20  Drone x3  
  51  4:21  Drone  
  51  4:24  Ravager x2  
  57  4:26  Drone x2  
  57  4:27  Drone  
  60  4:35  Drone x3  
  64  4:38  Drone x2  
  65  4:45  Lair  
  65  4:47  Drone  
  66  4:53  Drone  
  67  5:01  Overlord  
  67  5:03  Overlord  
  66  5:09  Drone  
  66  5:14  Drone  
  68  5:20  Drone  
  69  5:26  Drone x3  
  69  5:27  Drone  
  75  5:28  Drone x3  
  75  5:29  Drone  
  75  5:31  Queen  
  75  5:33  Extractor  
  75  5:34  Extractor  
  77  5:39  Hatchery  
  76  5:48  Evolution Chamber  
  75  5:50  Evolution Chamber, Glial Reconstitution  
  75  5:54  Infestation Pit  
  75  5:56  Overseer  
  73  6:07  Overlord  
  73  6:08  Overlord  
  73  6:17  Roach  
  73  6:18  Overlord x2  
  75  6:22  Zerg Ground Armor Level 1, Zerg Missile Weapons Level 1  
  75  6:26  Roach x2  
  75  6:28  Roach  
  75  6:30  Roach x4  
  89  6:33  Roach  
  89  6:34  Overlord  
  89  6:38  Roach  
  93  6:40  Roach  
  95  6:53  Roach x2  
  97  6:57  Infestor  
  97  7:00  Drone x2  
  97  7:01  Drone x2  
  96  7:02  Drone x4  
  96  7:03  Drone x2  
  102  7:11  Spore Crawler  
  102  7:13  Roach x3  
  107  7:16  Roach  
  109  7:23  Drone x2  
  109  7:24  Roach  
  109  7:27  Queen, Extractor  
  114  7:30  Overlord  
  114  7:31  Overlord  
  114  7:38  Overlord  
  114  7:40  Overlord  
  114  7:42  Overlord  
  114  7:47  Overlord  
  114  7:50  Infestor x2  
  118  7:52  Extractor  
  118  7:55  Roach x3  
  123  8:01  Roach x3  
  124  8:17  Roach x3  
  124  8:19  Roach x3  
  124  8:20  Roach x2  
  124  8:25  Roach  
  117  8:28  Roach x2  
  117  8:32  Roach x2  
  114  8:38  Roach  
  111  8:44  Roach  
  111  8:47  Roach  
  111  8:52  Drone x3  
  98  8:57  Roach x2  
  98  9:00  Roach  
  100  9:04  Ravager  
  100  9:05  Ravager x2  
  100  9:06  Roach  
  100  9:09  Roach  
  107  9:12  Roach  
  99  9:29  Infestor  
  99  9:30  Infestor  
  99  9:31  Roach x2  
  99  9:32  Roach  
  99  9:37  Drone x3  
  99  9:38  Roach x2  
  112  9:43  Roach  
  112  9:44  Roach  
  116  9:47  Zerg Missile Weapons Level 2  
  116  9:53  Drone x2  
  116  9:55  Spore Crawler, Drone  
  116  9:59  Burrow  
  118  10:07  Spore Crawler  
  118  10:11  Roach x3  
  118  10:12  Roach  
  126  10:16  Roach x2  
  130  10:24  Zerg Ground Armor Level 2  
  130  10:29  Roach x3  
  136  10:36  Roach x2  
  136  10:37  Roach  
  136  10:41  Roach x2  
  142  10:46  Roach x2  
  142  10:49  Ravager x3  
  149  10:51  Infestor x2  
  149  10:55  Roach x3  
  147  11:00  Roach x2  
  152  11:04  Ravager  
  150  11:12  Roach x3  
  121  11:26  Roach  
  121  11:27  Roach x5  
  119  11:30  Roach  
Show
View Real Time Build Order
Export as new Build Order

INnoVation Terran 

Build Orders: Bio Tank 

Get SALT Encoding   

  12  0:00  SCV  
  13  0:12  SCV  
  14  0:18  Supply Depot  
  14  0:24  SCV  
  15  0:29  Refinery  
  15  0:39  SCV  
  16  0:46  Barracks  
  16  0:51  SCV  
  17  1:03  SCV  
  18  1:07  Barracks  
  18  1:15  SCV  
  19  1:25  Barracks  
  19  1:33  Reaper  
  20  1:42  Orbital Command  
  20  1:52  Supply Depot  
  20  1:54  Reaper  
  21  2:01  Refinery  
  21  2:06  Reaper  
  23  2:08  SCV  
  23  2:14  Reaper  
  24  2:18  Supply Depot  
  24  2:22  SCV  
  25  2:26  Reaper  
  26  2:34  SCV  
  27  2:38  Reaper  
  28  2:46  Reaper, SCV  
  30  2:58  Reaper  
  31  2:59  SCV  
  32  3:10  Reaper  
  32  3:11  SCV  
  34  3:13  Command Center  
  34  3:22  Barracks Tech Lab  
  34  3:24  Supply Depot  
  34  3:30  Barracks Reactor  
  34  3:38  SCV  
  34  3:40  Stimpack  
  34  3:41  Marine  
  35  3:45  Barracks Reactor  
  36  3:50  SCV  
  37  3:59  Marine  
  37  4:00  Engineering Bay  
  37  4:02  SCV  
  39  4:05  Factory  
  39  4:09  Marine  
  39  4:10  Marine  
  39  4:14  SCV  
  42  4:18  Marine  
  42  4:23  Marine x2  
  44  4:26  SCV  
  44  4:27  Terran Infantry Weapons Level 1  
  45  4:33  Orbital Command  
  45  4:38  SCV  
  45  4:39  Marine x2  
  45  4:40  Marine  
  45  4:44  Marine  
  49  4:52  Orbital Command  
  49  4:54  Starport  
  49  4:55  Factory Reactor  
  49  4:56  Marine  
  48  5:02  SCV  
  49  5:11  Marine x3  
  49  5:12  Marine  
  51  5:14  SCV, Marine  
  51  5:19  SCV  
  53  5:29  Marine x2  
  53  5:30  Marine x2  
  53  5:32  Marine  
  53  5:34  SCV x2  
  59  5:36  Medivac  
  59  5:40  Factory Tech Lab  
  61  5:44  Medivac  
  61  5:45  Refinery  
  61  5:46  Supply Depot  
  61  5:48  Combat Shields  
  62  5:55  Supply Depot  
  62  6:08  SCV x2, Marine x5  
  62  6:09  Supply Depot  
  69  6:16  Siege Tank  
  72  6:20  SCV x2  
  72  6:24  Refinery  
  72  6:25  Terran Infantry Armor Level 1, Marine x4  
  74  6:31  Marauder  
  80  6:33  SCV  
  80  6:34  Supply Depot, SCV  
  82  6:45  Supply Depot  
  82  6:48  Siege Tank  
  86  6:54  Marauder  
  86  6:55  Marine x4  
  86  7:00  SCV x2  
  83  7:03  Medivac x2  
  87  7:08  Supply Depot  
  87  7:13  Marine x4  
  93  7:15  Marauder  
  93  7:21  Siege Tank  
  95  7:27  Concussive Shells  
  95  7:29  Barracks  
  95  7:31  Barracks  
  97  7:37  Marauder  
  97  7:38  Marine x4  
  97  7:44  Medivac, Supply Depot  
  101  7:46  Medivac  
  105  7:55  Siege Tank  
  110  7:58  Marauder  
  110  8:03  Supply Depot  
  110  8:05  Marine x3  
  110  8:17  Medivac x2  
  106  8:21  Marauder  
  106  8:22  Barracks Tech Lab x2  
  106  8:25  Marine x3  
  107  8:34  Siege Tank  
  107  8:41  Marauder x2  
  105  8:42  Marauder  
  105  8:46  Marine  
  105  8:47  Marine x3  
  92  9:03  Marauder x2  
  92  9:04  Marauder, Marine x3  
  92  9:06  Marine  
  102  9:11  Siege Tank  
  105  9:18  Liberator  
  105  9:19  Liberator  
  93  9:25  Marauder x3, Marine  
  93  9:26  Marine x3  
  101  9:44  Marine x4  
  105  9:47  Siege Tank  
  108  9:53  Marauder x2  
  108  9:54  Marauder  
  114  10:01  Supply Depot  
  114  10:02  Marine x4  
  118  10:09  Unknown  
  116  10:15  Marauder x3  
  116  10:19  Siege Tank  
  116  10:20  Marine  
  126  10:22  Marine x3  
  128  10:32  Medivac x2  
  132  10:37  Unknown  
  129  10:45  Marauder x2  
  129  10:46  Marine  
  134  10:52  Marine  
  134  10:54  Marine x2  
  134  10:55  Marauder, Siege Tank  
  129  11:06  Marauder x2, Marine  
  129  11:10  Marine  
  130  11:11  Marine  
  130  11:12  Marine  
  130  11:13  Medivac x2  
  134  11:20  Marauder  
  100  11:27  Siege Tank  
Tags
 
Add a new tag
Caveats
  • Supply blocks, unpowered buildings, or Contaminate may cause inaccurate times.
  • Supply counts are checked every 10 seconds.